 Dungeon Crawl Stone Soup version 0.13-a0-2643-gffe6e9f (console) character file.

120 5ubbak the Stinger (level 3, -4/21 HPs)
             Began as an Octopode Venom Mage on Aug 8, 2013.
             Killed from afar by a hobgoblin (9 damage)
             ... with a wand of flame
             ... on Level 2 of the Dungeon.
             The game lasted 00:03:41 (1262 turns).

5ubbak the Stinger (Octopode Venom Mage)            Turns: 1262, Time: 00:03:41

HP  -4/21        AC  1     Str  7      XL: 3   Next: 54%
MP   1/5         EV 12     Int 18      God:
Gold 78          SH  0     Dex 12      Spells:  2 memorised,  0 levels left

Res.Fire  : . . .   See Invis. : .   j - -1,-3 orc dagger (curse)
Res.Cold  : . . .   Warding    : .   (no shield)
Life Prot.: . . .   Conserve   : .   (helmet restricted)
Res.Poison: .       Res.Corr.  : .   (no amulet)
Res.Elec. : .       Clarity    : .   (no ring)
Sust.Abil.: . .     Spirit.Shd : .   (no ring)
Res.Mut.  : .       Stasis     : .   (no ring)
Res.Rott. : .       Flight     : .   (no ring)
Saprovore : . . .                    (no ring)
                                     (no ring)
                                     (no ring)
                                     (no ring)

@: not resistant to hostile enchantments, quite stealthy
A: almost no armour, amphibious, 8 rings, constrict 8, camouflage 1, AC +1
a: no special abilities


You were on level 2 of the Dungeon.
You were not hungry.

You visited 1 branch of the dungeon, and saw 2 of its levels.

You collected 58 gold pieces.

Inventory:

Hand weapons
 j - a cursed -1,-3 orcish dagger (weapon)
Comestibles
 c - a bread ration
 h - an apricot
 i - a chunk of adder flesh
 n - a rambutan
 o - an apple
 r - 3 meat rations
Scrolls
 a - a scroll of enchant weapon I {unknown}
 d - a scroll of recharging {unknown}
 f - a scroll of enchant armour {unknown}
 k - a scroll of curse jewellery {unknown}
 l - 3 scrolls of teleportation {unknown}
 m - a scroll of identify {unknown}
Potions
 e - 2 potions of paralysis {unknown}
 g - 4 potions of curing {unknown}
 q - a potion of brilliance {unknown}
Books
 b - a Young Poisoner's Handbook

   Spells                             Type                      Level
   *Sting                             Conjuration/Poison           1
   Cure Poison                        Poison                       2
   *Mephitic Cloud                    Conjuration/Poison/Air       3
   Olgreb's Toxic Radiance            Poison                       4
   Venom Bolt                         Conjuration/Poison           5


   Skills:
 + Level 0.2 Fighting
 + Level 2.2 Dodging
 + Level 3.2 Stealth
 + Level 1.1 Spellcasting
 * Level 1.2 Conjurations
 + Level 5.4 Poison Magic


You couldn't memorise any spells.
You knew the following spells:

 Your Spells              Type           Power        Failure   Level  Hunger
a - Sting                 Conj/Pois      ##..         6%          1    ##.....
b - Mephitic Cloud        Conj/Pois/Air  #.......     24%         3    ####...


Dungeon Overview and Level Annotations

Branches:
Dungeon (2/27)

Altars:
Nemelex Xobeh
Vehumet


Innate Abilities, Weirdness & Mutations

You cannot wear most types of armour.
You are amphibious.
You can wear up to eight rings at the same time.
You can use your tentacles to constrict many enemies at once.
Your skin changes colour to match your surroundings (Stlth).
Your rubbery body absorbs attacks (AC +1).


Message History

Press: ? - help, Shift-Dir - straight line, f/p - hobgoblin
Aim: a hobgoblin carrying a wand of flame {zapped: 1} The sting misses the hobgoblin.
Casting: Sting
Confirm with . or Enter, or press ? or * to list all spells.
Aiming: Sting
Press: ? - help, Shift-Dir - straight line, f/p - hobgoblin
Aim: a hobgoblin carrying a wand of flame {zapped: 1} The sting hits the hobgoblin.
The hobgoblin zaps a wand.
The puff of flame hits you!
* * * LOW HITPOINT WARNING * * *
Casting: Sting
Confirm with . or Enter, or press ? or * to list all spells.
Aiming: Sting
Press: ? - help, Shift-Dir - straight line, f/p - hobgoblin
Aim: a hobgoblin carrying a wand of flame {zapped: 2} The sting hits the hobgoblin.
The hobgoblin is poisoned.
The hobgoblin is moderately wounded.
The hobgoblin zaps a wand.
The puff of flame hits you!
You die...

############
#..=.@%....#
###.###........#
#...# ##...#...
#...# ..g....
#...# .#._.# #.).#
......
########...##.#..
#.
#>...%.'..........
#.####.#...###..


You could see a hobgoblin.

Vanquished Creatures
  3 adders (D:2)
  An ooze (D:2)
  3 bats
  2 goblins
  2 hobgoblins (D:1)
  4 kobolds
  A giant newt (D:1)
16 creatures vanquished.

Notes
Turn   | Place    | Note
--------------------------------------------------------------
     0 | D:1      | 5ubbak, the Octopode Venom Mage, began the quest for the Orb.
     0 | D:1      | Reached XP level 1. HP: 11/11 MP: 3/3
   109 | D:1      | Reached skill level 5 in Poison Magic
   278 | D:1      | Reached XP level 2. HP: 17/17 MP: 0/4
  1032 | D:2      | Reached skill level 1 in Conjurations
  1032 | D:2      | Reached XP level 3. HP: 13/21 MP: 3/5
  1033 | D:2      | +Int
  1037 | D:2      | Learned a level 3 spell: Mephitic Cloud
  1097 | D:2      | Found a sparkling altar of Nemelex Xobeh.
  1255 | D:2      | Found a radiant altar of Vehumet.
  1262 | D:2      | Killed from afar by a hobgoblin

Action                   || total
-------------------------++-------
Melee: Unarmed           ||     2
       Dagger            ||    12
 Cast: Sting             ||    38
 Stab: Sleeping          ||     3
